 Dungeon Crawl Stone Soup version 0.24.0-1-gfbc8707 (webtiles) character file.

Game seed: 13802375413081179148, levelgen mode: deterministic

511 Fang the Skirmisher (level 7, -4/44 HPs)
             Began as a Gargoyle Berserker on Nov 4, 2019.
             Was a Priest of Trog.
             Killed from afar by an orc wizard (11 damage)
             ... with a puff of flame
             ... on level 4 of the Dungeon on Nov 6, 2019.
             The game lasted 00:05:01 (3533 turns).

Fang the Skirmisher (Gargoyle Berserker)            Turns: 3533, Time: 00:05:02

Health: -4/44      AC: 14    Str: 22    XL:     7   Next: 19%
Magic:  7/7        EV: 11    Int:  8    God:    Trog [***...]
Gold:   129        SH:  0    Dex:  9    Spells: 6/6 levels left

rFire    . . .     SeeInvis .   a - +0 hand axe
rCold    . . .     Gourm    .   (no shield)
rNeg     + . .     Faith    .   b - +0 chain mail
rPois    ∞         Spirit   .   (no helmet)
rElec    +         Reflect  .   (no cloak)
rCorr    .         Harm     .   (no gloves)
MR       .....                  (no boots)
Stlth    ..........             (no amulet)
HPRegen  0.14/turn              o - +2 ring of evasion
MPRegen  0.10/turn              (no ring)

@: confused
A: negative energy resistance 1, electricity resistance, unbreathing,
petrification resistance, rot immunity, AC +4
a: Berserk, Trog's Hand, Renounce Religion


You were on level 4 of the Dungeon.
You worshipped Trog.
Trog was most pleased with you.
You were not hungry.

You visited 1 branch of the dungeon, and saw 4 of its levels.

You collected 129 gold pieces.

Inventory:

Hand Weapons
 a - a +0 hand axe (weapon)
Armour
 b - a +0 chain mail (worn)
Jewellery
 o - a +2 ring of evasion (left hand)
Scrolls
 d - 3 scrolls of identify {unknown}
 g - a scroll of immolation {unknown}
 h - a scroll of noise {unknown}
 j - 2 scrolls of amnesia {unknown}
 l - a scroll of teleportation {unknown}
 m - 4 scrolls of enchant armour {unknown}
 n - a scroll of blinking {unknown}
 p - a scroll of magic mapping {unknown}
 r - a scroll of fear {unknown}
Potions
 e - a potion of ambrosia {unknown}
 f - 2 potions of berserk rage {unknown}
 i - a potion of cancellation {unknown}
 k - a potion of heal wounds {unknown}
 q - a potion of curing {unknown}
 s - a potion of flight {unknown}
 t - a potion of haste {unknown}
 u - a potion of mutation {unknown}
Comestibles
 c - 4 rations


   Skills:
 + Level 5.2 Fighting
 + Level 4.2 Axes
 + Level 4.5 Armour
 + Level 3.3 Dodging


You had 6 spell levels left.
You didn't know any spells.
Your spell library was empty.

Dungeon Overview and Level Annotations

Branches:
Dungeon (4/15)
 Temple: D:4-7

Altars:
Cheibriados
Dithmenos
Gozag
Nemelex Xobeh
Okawaru
Xom


Innate Abilities, Weirdness & Mutations

You are resistant to torment.
Your stone body is resilient. (AC +4)
You are immune to poison.
You resist negative energy. (rN+)
You are resistant to electric shocks. (rElec)
You can survive without breathing.
You are immune to petrification.
You are immune to rotting.


Message History

Something tries to affect you, but you resist.
Something hits you but does no damage. Something hits you but does no damage.
You hear some strange, mumbled words.
Something tries to affect you, but you resist.
Something hits you but does no damage.
You're too confused to move!
Something hits you but does no damage.
You hear some strange, mumbled words.
You are more confused.
Things that are here:
a +0 short sword; a +0 leather armour; an orc corpse Something hits you but does no damage.
You hear some strange, mumbled words.
A puff of flame appears from out of thin air!
The puff of flame hits you.
* * * LOW HITPOINT WARNING * * *
You hear some strange, mumbled words.
A puff of flame appears from out of thin air!
The puff of flame hits you!
You die...

#.# ....# #.# ....#
#.###....##. #.#.........
#.#..?......
####.#........#
#.............#
#.)...........#
###########.)@.........<.
#...........†............
#.############?#........#
####.###### #.###.#.....
..........# #.# .######
.....####.# #.# .#
.###.####.# #.# .#
.###...##.# .#
.##....##)##


There were no monsters in sight!

Vanquished Creatures
  Sigmund (D:4)
  An ogre (D:4)
  3 orc priests
  A gnoll (D:2)
  4 adders
  2 oozes
  A dart slug (D:3)
  3 leopard geckos
  11 orcs
  3 giant cockroaches
  8 goblins
  15 hobgoblins
  13 jackals
  A quokka (D:3)
  2 ball pythons (D:3)
  8 bats
  7 frilled lizards
  11 kobolds
  7 rats
102 creatures vanquished.

Notes
Turn   | Place    | Note
-------+----------+-------------------------------------------
     0 | D:1      | Fang the Gargoyle Berserker began the quest for the Orb.
     0 | D:1      | Reached XP level 1. HP: 14/14 MP: 1/1
   242 | D:1      | Reached XP level 2. HP: 14/19 MP: 2/2
   356 | D:1      | Reached XP level 3. HP: 19/23 MP: 3/3
   424 | D:1      | Reached ** piety under Trog
  1345 | D:2      | Reached XP level 4. HP: 19/29 MP: 4/4
  1743 | D:2      | Reached skill level 4 in Fighting
  1791 | D:2      | Found a faded altar of an unknown god.
  1935 | D:2      | Found an iron altar of Okawaru.
  2463 | D:3      | Reached XP level 5. HP: 33/33 MP: 5/5
  2467 | D:3      | Reached *** piety under Trog
  2590 | D:3      | Found a sparkling altar of Nemelex Xobeh.
  2649 | D:3      | Found a sparkling altar of Nemelex Xobeh.
  2651 | D:3      | Found a blossoming altar of Fedhas.
  2651 | D:3      | Found an opulent altar of Gozag.
  2653 | D:3      | Found a shimmering altar of Xom.
  2653 | D:3      | Found a snail-covered altar of Cheibriados.
  2653 | D:3      | Found a snail-covered altar of Cheibriados.
  3133 | D:4      | Noticed Sigmund
  3142 | D:4      | Killed Sigmund
  3142 | D:4      | Reached XP level 6. HP: 40/40 MP: 6/6
  3184 | D:4      | Found a shadowy altar of Dithmenos.
  3207 | D:4      | Reached skill level 5 in Fighting
  3207 | D:4      | Reached XP level 7. HP: 32/44 MP: 7/7
  3533 | D:4      | Killed from afar by an orc wizard

Levels and vault maps discovered:
D:1:      dpeg_arrival_concentric_ovals, layout_rooms,
          chequers_serial_rivers_micro_d
D:2:      layout_basic, okawaru_altar_gauntlet_db, first_ration,
          chequers_ecumenical_altar_simple, minmay_fractal_squares_gapless_5
D:3:      layout_basic, doesnt_xom_only_xom, nemelex_xobeh_ov_fountains_minmay,
          minmay_misc_feat_roman
D:4:      layout_basic, old_standard_altar, nicolae_overflow_crystal_walls,
          temple_hall, chequers_serial_rivers_micro_b,
          makhleb_blood_cavern_becter, uniq_menkaure, uniq_sigmund

Skill      XL: |  1  2  3  4  5  6 |
---------------+-------------------+-----
Axes           | 3 4 |  4.2
Dodging        | 2 3 |  3.3
Armour         | 3 4 |  4.5
Fighting       | 4 5 |  5.2

Action                   |  1- 3 |  4- 6 |  7- 9 || total
-------------------------+-------+-------+-------++-------
Melee: Hand axe          |   147 |   170 |    26 ||   343
Invok: Berserk           |       |     4 |       ||     4
 Stab: Sleeping          |       |     1 |       ||     1
  Eat: Chunk             |     2 |     7 |     3 ||    12
Armor: Animal skin       |    62 |    52 |       ||   114
       Chain mail        |       |    12 |    25 ||    37
Dodge: Dodged            |   125 |   131 |    15 ||   271
